 Dungeon Crawl Stone Soup version 0.29-a0-620-g13ace881f2 (webtiles) character file.

Game seed: 14382768074554184016

70877 dolemite99 the Cleaver (level 14, -1/127 HPs)
             Began as a Minotaur Abyssal Knight on June 19, 2022.
             Was an Elder of Lugonu.
             Succumbed to a meliai's poison
             ... on level 14 of the Dungeon.
             The game lasted 00:48:36 (36107 turns).

dolemite99 the Cleaver (Minotaur Abyssal Knight)   Turns: 36107, Time: 00:48:37

Health: -1/127     AC: 26    Str: 28    XL:     14   Next: 95%
Magic:  15/23      EV:  6    Int:  9    God:    Lugonu [****..]
Gold:   805        SH: 17    Dex: 12    Spells: 13/13 levels left

rFire   + . .      SeeInvis +   a - +0 demon whip (distort)
rCold   + . .      Faith    +   s - +3 tower shield {AC+3}
rNeg    . . .      Spirit   .   G - +1 chain mail {rC+}
rPois   .          Reflect  .   E - +3 crown of Dyrovepreva {rElec Int+2 SInv}
rElec   +          Harm     .   n - scarf {repulsion}
rCorr   .          Rampage  .   M - +2 pair of gloves
Will    ++...                   l - +2 pair of boots of the Falcon {rF+}
Stlth   ..........              F - amulet of faith
HPRegen 0.31/turn               L - ring of willpower
MPRegen 0.18/turn               c - +6 ring of strength {=R}

@: lethally poisoned (-1 -> -18), repel missiles
A: horns 2, retaliatory headbutt
a: Renounce Religion, Depart the Abyss, Bend Space, Banish, Corrupt


You were on level 14 of the Dungeon.
You worshipped Lugonu.
Lugonu was greatly pleased with you.
You visited 3 branches of the dungeon, and saw 22 of its levels.
You visited the Abyss 1 time.

You collected 2141 gold pieces.
You spent 1336 gold pieces at shops.

Inventory:

Hand Weapons
 a - a +0 demon whip of distortion (weapon)
 b - the +7 morningstar "Lexod" {vorpal, Int+5}
   (You found it on level 13 of the Dungeon)

   It inflicts extra damage upon your enemies.
   Int:       It affects your intelligence (+5).
 H - a +0 fustibalus
 Z - a +3 fustibalus of freezing
Missiles
 w - 8 poisoned darts
 z - 32 boomerangs (quivered)
 V - 6 javelins
Armour
 l - the +2 pair of boots of the Falcon (worn) {rF+}
   (You acquired it on level 1 of the Dungeon)

   rF:        It protects you from fire.
 n - a scarf of repulsion (worn)
 s - a +3 tower shield of protection (worn)
 E - the +3 crown of Dyrovepreva (worn) {rElec Int+2 SInv}
   (You acquired it on level 7 of the Dungeon)

   Int:       It affects your intelligence (+2).
   rElec:     It insulates you from electricity.
   SInv:      It lets you see invisible.
 G - a +1 chain mail of cold resistance (worn)
 M - a +2 pair of gloves (worn)
Magical Staves
 o - a staff of cold
Jewellery
 c - a +6 ring of strength (right hand) {=R}
 d - a ring of protection from fire
 e - the ring "Wuheuna" {Wiz rCorr Int+4}
   (You found it on level 13 of the Dungeon)

   [ring of wizardry]

   It improves your spell success rate.
   Int:       It affects your intelligence (+4).
   rCorr:     It protects you from acid and corrosion.
 f - a +6 ring of dexterity
 A - a ring of ice
 D - an amulet of guardian spirit
 F - an amulet of faith (around neck)
 L - a ring of willpower (left hand)
 Q - an amulet of regeneration
Wands
 t - a wand of polymorph (6)
 S - a wand of digging (6)
 W - a wand of iceblast (5)
Scrolls
 i - a scroll of magic mapping
 k - 4 scrolls of poison
 m - 4 scrolls of vulnerability
 u - 5 scrolls of immolation
 v - 10 scrolls of teleportation
 y - 3 scrolls of fog
 B - 4 scrolls of identify {@r1}
 C - 4 scrolls of torment
 R - a scroll of silence
 T - a scroll of fear
 X - a scroll of blinking
Potions
 h - 3 potions of brilliance
 j - 2 potions of flight
 p - 3 potions of ambrosia
 q - 4 potions of haste
 r - 6 potions of lignification
 x - a potion of resistance
 I - 3 potions of might
 K - 2 potions of attraction
 O - 3 potions of magic
Miscellaneous
 g - a tin of tremorstones (2/2)
 J - a condenser vane
 P - a phial of floods
 U - a lightning rod (4/4)


   Skills:
 - Level 12.5 Fighting
 - Level 13.8(16.0) Axes
 - Level 13.1(15.6) Maces & Flails
 - Level 4.0 Throwing
 - Level 12.8 Armour
 - Level 1.1 Dodging
 + Level 8.3 Shields
 - Level 13.8 Invocations
 - Level 4.0 Evocations


You had 13 spell levels left.
You didn't know any spells.
Your spell library contained the following spells:

 Spells                   Type           Power      Damage    Failure   Level
 Apportation              Tloc           0%         N/A       100%        1
 Magic Dart               Conj           0%         1d3       100%        1
 Necrotize                Necr           0%         1d4       100%        1
 Shock                    Conj/Air       0%         1d3       100%        1
 Summon Small Mammal      Summ           0%         N/A       100%        1
 Call Imp                 Summ           0%         N/A       100%        2
 Ensorcelled Hibernation  Hex/Ice        0%         N/A       100%        2
 Passwall                 Tmut/Erth      0%         N/A       100%        2
 Searing Ray              Conj           0%         2d4       100%        2
 Call Canine Familiar     Summ           0%         N/A       100%        3
 Lesser Beckoning         Tloc           0%         N/A       100%        3
 Mephitic Cloud           Conj/Pois/Air  0%         N/A       100%        3
 Summon Guardian Golem    Hex/Summ       0%         N/A       100%        3
 Swiftness                Air            0%         N/A       100%        3
 Vampiric Draining        Necr           0%         2d6       100%        3
 Airstrike                Air            0%         N/A       100%        4
 Fulminant Prism          Conj/Hex       0%         3d6       100%        4
 Olgreb's Toxic Radiance  Pois           0%         N/A       100%        4
 Agony                    Necr           0%         N/A       100%        5
 Alistair's Intoxication  Tmut/Pois      0%         N/A       100%        5
 Blade Hands              Tmut           0%         N/A       100%        5
 Fireball                 Conj/Fire      0%         3d3       100%        5
 Irradiate                Conj/Tmut      0%         3d13      100%        5
 Iskenderun's Battlesphe  Conj           0%         2d6       100%        5
 Lee's Rapid Deconstruct  Erth           0%         3d5*      100%        5
 Conjure Ball Lightning   Conj/Air       0%         3x3d6     100%        6
 Dispersal                Tloc           0%         N/A       100%        6
 Iron Shot                Conj/Erth      0%         9d1       100%        6
 Dragon Form              Tmut           0%         N/A       100%        7
 Orb of Destruction       Conj           0%         9d5       100%        7
 Ozocubu's Refrigeration  Ice            0%         4d5       100%        7
 Disjunction              Tloc           0%         N/A       100%        8
 Ignition                 Fire           0%         3d3       100%        8


Dungeon Overview and Level Annotations

Branches:
Dungeon (14/15)            Temple (0/1) D:5            Lair (6/6) D:10
 Shoals (0/4) Lair:2       Spider (0/4) Lair:3        Slime (0/5) Lair:5
    Orc (2/2) D:11            Elf (0/3) Orc:2        Vaults (0/5) D:13

Altars:
Elyvilon
Hepliaklqana
Nemelex Xobeh
Okawaru
Qazlal
Vehumet
Zin
Beogh
Jiyva

Shops:
D:1 *   D:13 *   Orc:2 [?*(

Portals:
Trove: D:11 (give 18 potions of curing)

Annotations:
D:8 corrupted
D:10 Grum
D:11 corrupted
D:13 corrupted
Lair:5 exclusion: oklob plant
Lair:6 corrupted
Orc:2 corrupted
Abyss:1 Eustachio; Maurice; Nessos; Sigmund; Snorg


Innate Abilities, Weirdness & Mutations

You have a pair of horns on your head.
You reflexively headbutt those who attack you in melee.


Message History

The meliai stings you but does no damage.
You block the meliai's attack. x2
You hit the meliai.
The meliai is severely wounded.
You feel very sick. The meliai hits you with a +0 war axe!
* * * LOW HITPOINT WARNING * * *
The meliai stings you.
* * * LOW HITPOINT WARNING * * *
You are lethally poisoned!
The meliai poisons you! The meliai hits you but does no damage.
The meliai stings you but does no damage.
You whack the meliai!
You kill the meliai!
Lugonu accepts your kill.
* * * LOW HITPOINT WARNING * * *
You feel very sick.
The centaur warrior shoots an arrow.
You block the arrow.
Found 5 large rocks.
* * * LOW HITPOINT WARNING * * *
You feel extremely sick.
The centaur warrior unwields a +0 shortbow.
The centaur warrior hits you but does no damage.
The centaur warrior kicks you but does no damage.
Items here: ))) [[[ †††.
Okay, then.
Press: ? - help, Shift-Dir - straight line, f - centaur warrior
Aim: a centaur warrior (chance to affect: 76%)
The centaur warrior barely resists.
* * * LOW HITPOINT WARNING * * *
You feel very sick. The centaur warrior hits you.
* * * LOW HITPOINT WARNING * * *
You block the centaur warrior's attack. x2
The centaur warrior kicks you but does no damage.
Press: ? - help, Shift-Dir - straight line, f/p - centaur warrior
Aim: a centaur warrior (chance to affect: 76%)
The centaur warrior is devoured by a tear in reality.
Lugonu claims a new guest.
You die...

#...........#
#...........#
#...........#
#..÷........#
#...........#
#...........#
#...........# #
##...[.....^.#####§#####
...............$@§§.....
#########.#######§§.....
#.# ....... #.# .......
#.# ..(.... #. .......
....... .......


There were no monsters in sight!

Vanquished Creatures
  A yaktaur captain (D:13)
  Fannar (Lair:1)
  Erolcha (D:9)
  3 hydras
  3 boulder beetles
  2 centaur warriors (D:13)
  9 two-headed ogres
  6 death yaks
  A fire crab (Lair:4)
  Amaemon (Lair:1)
  A lindwurm (Lair:5)
  3 orc knights (Orc:2)
  2 ugly things
  4 orc sorcerers (Orc:2)
  2 deep elf pyromancers (D:13)
  6 cyclopes
  4 manticores
  2 merfolk sirens (Lair:2)
  7 cane toads
  2 black mambas
  A molten gargoyle (D:13)
  3 gargoyles
  4 rime drakes
  An unseen horror (D:12)
  An orange demon (Lair:1)
  Maggie (Lair:1)
  2 kobold demonologists (D:12)
  A yaktaur (D:13)
  8 komodo dragons
  A queen bee (shapeshifter) (D:13)
  3 meliai (D:14)
  4 trolls
  Prince Ribbit (D:5)
  A hornet (D:10)
  A polar bear (Lair:4)
  5 blink frogs (Lair:2)
  9 slime creatures
  The ghost of hgbash the Chiller, an amateur GrIE (D:4)
  A spriggan (Lair:4)
  2 shadows
  3 vampires (D:12)
  3 wraiths
  75 yaks
  2 wyverns
  2 basilisks (Lair:1)
  A steam dragon (D:8)
  A redback (Lair:3)
  2 acid dragons
  12 water moccasins
  23 orc warriors
  An ice beast (D:8)
  4 black bears
  8 ogres (Orc:2)
  5 centaurs
  10 wolves
  A kobold brigand (D:6)
  A scorpion (D:5)
  12 bullfrogs
  3 necrophages
  6 killer bees
  7 howler monkeys
  3 electric eels
  A lava snake (D:13)
  16 orc priests
  2 hounds
  3 jellies
  Jessica (D:2)
  Natasha (thrice) (D:3)
  2 iguanas (D:6)
  14 orc wizards
  3 gnolls
  8 adders
  A shadow imp (D:6)
  2 white imps
  4 ufetubi
  A worm (D:3)
  4 dart slugs
  86 orcs
  11 ball pythons
  13 bats
  6 endoplasms
  9 giant cockroaches
  6 goblins
  11 hobgoblins
  6 jackals
  7 quokkas
  5 frilled lizards (D:1)
  11 kobolds
  8 rats
541 creatures vanquished.

Vanquished Creatures (others)
  Kirke (D:13)
  An orc warlord (Orc:2)
  3 vault guards (D:13)
  3 catoblepae (Lair:6)
  3 death yaks (Lair:6)
  4 orc high priests (Orc:2)
  An orc knight (D:13)
  2 manticores (Lair:6)
  A gargoyle (D:13)
  2 tengu conjurers (D:13)
  3 trolls (Orc:2)
  7 yaks (Lair:6)
  A human (D:13)
  4 hogs (D:13)
  13 orc warriors
  3 ogres (Orc:2)
  A centaur (D:8)
  5 wights (D:8)
  15 orc priests
  3 orc wizards (Orc:2)
  25 orcs
  A bush (Lair:4)
  16 foxfires (Lair:6)
  31 fungi
  63 plants
  30 starspawn tentacles
242 creatures vanquished.

Grand Total: 783 creatures vanquished

Notes
Turn   | Place    | Note
-------+----------+-------------------------------------------
     0 | Abyss:1  | dolemite99 the Minotaur Abyssal Knight began the quest for
                  | the Orb.
     0 | Abyss:1  | Reached XP level 1. HP: 19/19 MP: 1/1
    68 | Abyss:1  | Found a corrupted altar of Lugonu.
    92 | Abyss:1  | Noticed a fire bat
    93 | D:1      | Escaped the Abyss
   212 | D:1      | Reached XP level 2. HP: 26/26 MP: 2/2
   216 | D:1      | Found a faded altar of an unknown god.
   538 | D:1      | Reached XP level 3. HP: 31/31 MP: 3/3
   901 | D:1      | Reached *** piety under Lugonu
  1110 | D:1      | Found Puataka's Assorted Antiques.
  1128 | D:1      | Bought a scroll labelled DYMURO HOSCHUET for 22 gold pieces
  1128 | D:1      | Acquired the +2 pair of boots of the Falcon {rF+}
  1405 | D:2      | Reached skill level 5 in Maces & Flails
  1572 | D:2      | Reached XP level 4. HP: 26/39 MP: 4/4
  1781 | D:2      | Noticed Jessica
  1794 | D:2      | Killed Jessica
  2728 | D:3      | Reached XP level 5. HP: 45/45 MP: 5/5
  3071 | D:3      | Noticed Natasha
  3078 | D:3      | Killed Natasha
  3121 | D:3      | Noticed Natasha
  3130 | D:3      | Killed Natasha
  3306 | D:3      | Noticed Natasha
  3317 | D:3      | Killed Natasha
  3512 | D:3      | Found a glowing silver altar of Zin.
  3955 | D:4      | Found a stormy altar of Qazlal.
  3967 | D:4      | Reached **** piety under Lugonu
  4007 | D:4      | Reached XP level 6. HP: 39/51 MP: 6/6
  4109 | D:4      | Found a runed translucent gate.
  4109 | D:4      | Found a runed translucent gate.
  4109 | D:4      | Found a runed translucent gate.
  4112 | D:4      | Noticed hgbash's ghost (amateur GrIE)
  4272 | D:4      | Found a radiant altar of Vehumet.
  4829 | D:5      | Entered Level 5 of the Dungeon
  4863 | D:5      | Noticed Sigmund
  4871 | D:4      | Reached XP level 7. HP: 36/57 MP: 9/9
  5359 | D:5      | Reached skill level 5 in Invocations
  5657 | D:5      | Banished Sigmund
  5658 | D:5      | Reached XP level 8. HP: 64/64 MP: 12/12
  5737 | D:5      | Noticed Eustachio
  5738 | D:5      | Banished Eustachio
  5756 | D:5      | Noticed Prince Ribbit
  5783 | D:5      | Killed Prince Ribbit
  5784 | D:5      | Reached skill level 10 in Maces & Flails
  5972 | D:5      | Found a staircase to the Ecumenical Temple.
  7052 | D:6      | Reached XP level 9. HP: 47/71 MP: 13/13
  8580 | D:7      | Acquired an amulet of the acrobat
  8706 | D:7      | Reached skill level 5 in Fighting
  9339 | D:7      | Acquired the +3 crown of Dyrovepreva {rElec Int+2 SInv}
  9339 | D:7      | Found the +3 crown of Dyrovepreva {rElec Int+2 SInv}
  9664 | D:7      | Found a hazy altar of Hepliaklqana.
 10023 | D:8      | Noticed a two-headed ogre
 10027 | D:8      | Banished a two-headed ogre
 10028 | D:8      | Reached skill level 5 in Armour
 10211 | D:8      | Noticed a two-headed ogre
 10224 | D:8      | Killed a two-headed ogre
 10225 | D:8      | Reached XP level 10. HP: 64/84 MP: 14/14
 10631 | D:8      | Found a sparkling altar of Nemelex Xobeh.
 11504 | D:8      | Corrupted D:8
 11504 | D:8      | Noticed a blizzard demon
 11504 | D:8      | Noticed an eye of devastation
 11504 | D:8      | Noticed a starcursed mass
 11504 | D:8      | Noticed a spatial maelstrom
 11504 | D:8      | Noticed a large abomination
 11504 | D:8      | Noticed a purple draconian shifter
 11504 | D:8      | Noticed a thrashing horror
 11504 | D:8      | Noticed a brown very ugly thing
 11504 | D:8      | Noticed a worldbinder
 11504 | D:8      | Noticed a deep elf elementalist
 11504 | D:8      | Noticed a smoke demon
 11504 | D:8      | Noticed an apocalypse crab
 11504 | D:8      | Noticed a starcursed mass
 11506 | D:8      | Noticed a large abomination
 11506 | D:8      | Noticed a reaper
 11512 | D:8      | Noticed a guardian serpent
 11514 | D:8      | Noticed a large abomination
 11575 | D:8      | Noticed a starcursed mass
 11577 | D:8      | Noticed a large abomination
 11578 | D:8      | Noticed a deep elf sorcerer
 11580 | D:8      | Noticed a starcursed mass
 11586 | D:8      | Noticed a smoke demon
 12037 | D:9      | Noticed a two-headed ogre
 12042 | D:8      | Banished a two-headed ogre
 12375 | D:9      | Noticed Maurice
 12376 | D:9      | Banished Maurice
 12413 | D:9      | Noticed a seven-headed hydra
 12416 | D:9      | Banished a seven-headed hydra
 12484 | D:9      | Noticed Erolcha
 12493 | D:9      | Killed Erolcha
 12655 | D:8      | Reached XP level 11. HP: 94/97 MP: 15/15
 12782 | D:9      | Reached skill level 10 in Fighting
 13031 | D:10     | Entered Level 10 of the Dungeon
 13035 | D:10     | Found a staircase to the Lair.
 13269 | D:10     | Paralysed by a hornet for 3 turns
 13822 | D:10     | Noticed Grum
 14233 | D:10     | Noticed a two-headed ogre
 14245 | D:10     | Killed a two-headed ogre
 14565 | D:10     | Found a white marble altar of Elyvilon.
 15076 | D:10     | Reached skill level 1 in Axes
 15529 | D:11     | Found a staircase to the Orcish Mines.
 15529 | D:11     | Noticed an orc knight
 15556 | D:11     | Banished an orc knight
 15698 | D:11     | Reached skill level 5 in Axes
 15728 | D:11     | Corrupted D:11
 15728 | D:11     | Noticed a thrashing horror
 16230 | D:11     | Noticed a two-headed ogre
 16244 | D:11     | Killed a two-headed ogre
 16598 | D:11     | Noticed a boulder beetle
 16633 | D:11     | Killed a boulder beetle
 16884 | D:11     | Found a portal to a secret trove of treasure.
 17223 | D:12     | Reached XP level 12. HP: 97/113 MP: 16/16
 17294 | D:12     | Found an iron altar of Okawaru.
 18017 | D:12     | Noticed a boulder beetle
 18349 | D:12     | Noticed a two-headed ogre
 18364 | D:12     | Noticed a two-headed ogre
 18720 | D:12     | Reached skill level 1 in Throwing
 18862 | D:12     | Killed a two-headed ogre
 18948 | D:12     | Noticed a six-headed hydra
 18967 | D:12     | Banished a six-headed hydra
 19061 | D:12     | Reached skill level 10 in Armour
 19320 | D:12     | Killed a boulder beetle
 19476 | D:12     | Killed a two-headed ogre
 19827 | D:12     | Got Dilyog's Collected Works on Clay
 20002 | D:13     | Noticed Snorg
 20033 | D:13     | Banished Snorg
 20449 | D:13     | Noticed a centaur warrior
 20455 | D:13     | Killed a centaur warrior
 20461 | D:13     | Found Kyrujore's Assorted Antiques.
 20463 | D:13     | Bought 2 fuming silvery potions for 68 gold pieces
 20463 | D:13     | Bought a scroll labelled GUS SOPTEMMONK for 38 gold pieces
 20463 | D:13     | Bought a pair of translucent boots for 361 gold pieces
 20463 | D:13     | Identified the +1 pair of boots "Foogegutz" {rCorr} (You
                  | bought it in a shop on level 13 of the Dungeon)
 20648 | D:13     | Reached XP level 13. HP: 119/119 MP: 17/17
 20828 | D:13     | Reached skill level 10 in Axes
 21239 | Lair:1   | Entered Level 1 of the Lair of Beasts
 21239 | Lair:1   | Noticed Maggie
 21251 | Lair:1   | Killed Maggie
 21284 | Lair:1   | Noticed Fannar
 21300 | Lair:1   | Killed Fannar
 21642 | Lair:1   | Noticed Amaemon
 21653 | Lair:1   | Killed Amaemon
 23648 | Lair:2   | Reached ***** piety under Lugonu
 23742 | Lair:2   | Found a staircase to the Shoals.
 24164 | Lair:3   | Found a hole to the Spider Nest.
 24488 | Lair:3   | Reached skill level 10 in Invocations
 24519 | Lair:3   | Got the Disquisition on the Voyage
 24660 | Lair:3   | Found a frozen archway.
 26069 | Lair:4   | Reached XP level 14. HP: 122/127 MP: 20/20
 26783 | Lair:5   | Found a viscous altar of Jiyva.
 26798 | Lair:5   | Found a staircase to the Slime Pits.
 26804 | Lair:5   | Noticed Nessos
 26816 | Lair:5   | Banished Nessos
 27983 | Lair:6   | Entered Level 6 of the Lair of Beasts
 28347 | Lair:6   | Corrupted Lair:6
 28347 | Lair:6   | Noticed a purple very ugly thing
 28347 | Lair:6   | Noticed a green draconian monk
 28347 | Lair:6   | Noticed a starcursed mass
 28347 | Lair:6   | Noticed a bone dragon
 28347 | Lair:6   | Noticed a tentacled starspawn
 28348 | Lair:6   | Noticed a tentacled starspawn
 29513 | Orc:1    | Entered Level 1 of the Orcish Mines
 29656 | Orc:2    | Entered Level 2 of the Orcish Mines
 31014 | Orc:2    | Found Nyahyff's Magic Scroll Emporium.
 31082 | Orc:2    | Found Efriza's Antique Armour Shoppe.
 31374 | Orc:2    | Reached ****** piety under Lugonu
 31548 | Orc:2    | Identified a +0 demon whip of distortion (a -2 demon whip
                  | of venom corrupted by Lugonu)
 31548 | Orc:2    | Received a gift from Lugonu
 31865 | Orc:2    | Corrupted Orc:2
 31865 | Orc:2    | Noticed a tentacled starspawn
 31865 | Orc:2    | Noticed a bone dragon
 31865 | Orc:2    | Noticed a tentacled starspawn
 31865 | Orc:2    | Noticed a tentacled starspawn
 31865 | Orc:2    | Noticed a starcursed mass
 31889 | Orc:2    | Killed an orc warlord
 32049 | Orc:2    | Found a staircase to the Elven Halls.
 32570 | D:4      | Killed hgbash's ghost
 32976 | Orc:2    | Found Xubepp's Antique Weapon Emporium.
 33001 | Orc:2    | Found Quxin's Assorted Antiques.
 33373 | Orc:2    | Bought a runed tower shield for 150 gold pieces
 33401 | Orc:2    | Bought a scroll of enchant armour for 97 gold pieces
 33401 | Orc:2    | Bought a scroll of teleportation for 39 gold pieces
 33401 | Orc:2    | Bought a scroll of teleportation for 39 gold pieces
 33489 | Orc:2    | Bought a potion of haste for 290 gold pieces
 33493 | Orc:2    | Bought a scroll of identify for 58 gold pieces
 33493 | Orc:2    | Bought a scroll of identify for 58 gold pieces
 33493 | Orc:2    | Bought a scroll of identify for 58 gold pieces
 33493 | Orc:2    | Bought a scroll of identify for 58 gold pieces
 34025 | D:13     | Found a runed translucent door.
 34028 | D:13     | Identified the +2 robe "Ishuo" {Rampage Dex+2}
 34172 | D:13     | Reached skill level 5 in Shields
 34193 | D:13     | Corrupted D:13
 34193 | D:13     | Noticed a tentacled starspawn
 34193 | D:13     | Noticed a tentacled starspawn
 34193 | D:13     | Noticed Kirke
 34198 | D:13     | Noticed a tentacled starspawn
 34198 | D:13     | Killed Kirke
 34202 | D:13     | Noticed a starcursed mass
 34440 | D:13     | Found a gate to the Vaults.
 35614 | D:13     | Identified the ring "Wuheuna" {Wiz rCorr Int+4}
 35627 | D:13     | Identified the +7 morningstar "Lexod" {vorpal, Int+5}
 36106 | D:14     | HP: 3/127 [centaur warrior (6)]
 36107 | D:14     | Succumbed to a meliai's poison

Illustrated notes

Levels and vault maps discovered:
D:1:      dpeg_arrival_tiny_a, layout_basic, basic_ecumenical_altar,
          serial_shops, nicolae_shop_overgrown_old_shop, st_stairs_11,
          minmay_close_crescents
D:2:      layout_basic, minmay_diced_spiral, uniq_jessica
D:3:      layout_basic, zin_statuary, uniq_natasha
D:4:      layout_loops_corners, grunt_qazlal_clouds,
          mainiacjoe_overflow_surrounded_room, ebering_ghost_rock_garden,
          kennysheep_decorative_pillar
D:5:      layout_rooms, minmay_temple_entry_grid,
          chequers_serial_rivers_micro_b, hex_tiny, minivault_1, st_stairs_3,
          uniq_sigmund, uniq_eustachio, uniq_prince_ribbit1
D:6:      layout_layer_cave
D:7:      layout_basic, mainiacjoe_overflow_alcove_4
D:8:      layout_cave_pools, nemelex_xobeh_ov_fountains_minmay,
          nicolae_ossuary_entry_plus
D:9:      layout_cave_pools, serial_park_tiny_pond, uniq_maurice, uniq_erolcha
D:10:     layout_grid_maze, nicolae_elyvilon_temple_path, lair_entry_dummy,
          uniq_grum
D:11:     layout_basic, david_orc_5, trove_entry_hex_spiral
D:12:     cheibrodos_ideogram_h, layout_basic, okawaru_altar_gauntlet_db
D:13:     layout_basic, grunt_vaults_entry_fortified, serial_shops,
          nicolae_shop_trees, minmay_st_funbox, uniq_kirke, uniq_snorg
D:14:     layout_small_grid, hangedman_abyss_or_decor_passed,
          guppyfry_shop_venom
Lair:1:   layout_misc_corridors, uniq_maggie, uniq_amaemon, uniq_fannar
Lair:2:   layout_gridlike, elwin_shoals_entry_rooms, st_stairs_11,
          grunt_megastairs_3
Lair:3:   layout_regular_city, spider_nest_entry_a, portal_ice_cave_rime
Lair:4:   layout_roguey, serial_rivers, chequers_serial_rivers_micro_e,
          chequers_serial_rivers_micro_c, chequers_serial_rivers_room_a,
          chequers_serial_rivers_small_b, chequers_serial_rivers_room_a,
          chequers_serial_rivers_micro_d, grunt_forest_stairs_clearing,
          serial_bayou_shore_b, serial_bayou_shore_a
Lair:5:   layout_hall_layers, slime_altar_1, infiniplex_staircase_pool,
          uniq_nessos
Lair:6:   evilmike_catoblepas_cave, layout_concentric_octagons,
          chequers_serial_rivers_micro_a
Orc:1:    layout_diamond_mine, basic_altar
Orc:2:    pubby_orc_utopia, serial_shops

Skill      XL: |  1  2  3  4  5  6  7  8  9 10 11 12 13 14 |
---------------+-------------------------------------------+-----
Maces & Flails | 3 4 5 6 7 11 12 13 | 13.1
Invocations    | 4 7 10 13 | 13.8
Fighting       | 4 6 9 12 | 12.5
Armour         | 6 7 12 | 12.8
Shields        | 4 8 |  8.3
Evocations     | 4 |  4.0
Axes           | 8 9 13 | 13.8
Throwing       | 4 |  4.0
Dodging        | |  1.1

Action                   |  1- 3 |  4- 6 |  7- 9 | 10-12 | 13-15 || total
-------------------------+-------+-------+-------+-------+-------++-------
Melee: Mace              |    93 |    61 |       |       |       ||   154
       Headbutt          |    11 |    13 |    33 |   156 |   138 ||   351
       Flail             |       |    62 |   168 |   593 |       ||   823
       Punch             |       |       |     2 |       |       ||     2
       War axe           |       |       |       |    25 |   422 ||   447
       Demon whip        |       |       |       |       |   172 ||   172
       Morningstar       |       |       |       |       |    10 ||    10
 Fire: Hunting sling     |       |    48 |       |       |       ||    48
       Arbalest          |       |       |    28 |     9 |       ||    37
Throw: Dart              |       |    14 |       |    32 |    71 ||   117
       Stone             |       |     3 |     2 |    18 |       ||    23
       Javelin           |       |       |       |    12 |    65 ||    77
       Boomerang         |       |       |       |       |    66 ||    66
Invok: Depart the Abyss  |     1 |       |       |       |       ||     1
       Banish            |       |       |     7 |    19 |    13 ||    39
       Corrupt           |       |       |       |     2 |     3 ||     5
       Brand Weapon With |       |       |       |       |     1 ||     1
Evoke: Wand              |       |       |     4 |    57 |    25 ||    86
       Phial of floods   |       |       |       |     1 |     3 ||     4
  Use: Scroll            |     7 |     6 |    10 |    12 |    19 ||    54
       Potion            |       |       |     1 |     5 |    12 ||    18
 Stab: Invisible         |       |       |     3 |       |       ||     3
Armor: Leather armour    |    22 |    21 |       |       |       ||    43
       Ring mail         |       |    12 |       |       |       ||    12
       Chain mail        |       |    11 |       |       |    55 ||    66
       Plate armour      |       |    54 |   155 |   479 |   250 ||   938
Dodge: Dodged            |    63 |    75 |    72 |   194 |   178 ||   582
       Repelled          |       |       |       |       |     1 ||     1
Block: Buckler           |       |       |       |   105 |    97 ||   202
       Tower shield      |       |       |       |       |    79 ||    79

Table legend: (Time is in decaauts)
 A = Elapsed time spent in this place.
 B = Non-inter-level travel time spent in this place.
 C = Inter-level travel time spent in this place.
 D = Time resting spent in this place.
 E = Time spent auto-exploring this place.
 F = Levels seen in this place.
 G = Mean time per level.
                   A        B        C        D        E       F      G
               +--------+--------+--------+--------+--------+-----+--------+
         Total |  36048 |  33724 |   2324 |   9084 |  18174 |  23 | 1567.3 |
       Dungeon |  24529 |  22694 |   1835 |   7982 |  10343 |  14 | 1752.1 |
          Lair |   7901 |   7636 |    265 |    800 |   5461 |   6 | 1316.8 |
  Orcish Mines |   3525 |   3302 |    223 |    301 |   2299 |   2 | 1762.5 |
         Abyss |     93 |     93 |      0 |      0 |     70 |   1 |   93.0 |
               +--------+--------+--------+--------+--------+-----+--------+

Top non-repeatable levels by time:
   Orc:2: 3057 daAuts
    D:13: 3051 daAuts
    D:12: 2880 daAuts
     D:6: 2275 daAuts
    D:11: 2269 daAuts
     D:8: 2251 daAuts
    D:10: 2083 daAuts
     D:7: 1879 daAuts
     D:4: 1682 daAuts
  Lair:2: 1525 daAuts
  Lair:4: 1421 daAuts
  Lair:3: 1331 daAuts
     D:1: 1318 daAuts
  Lair:6: 1308 daAuts
  Lair:5: 1219 daAuts
